 Dungeon Crawl Stone Soup version 0.23-a0-171-g5ae17c6 (console) character file.

13192 swinepaste the Severer (level 12, 0/104 HPs)
             Began as a Hill Orc Abyssal Knight on Sept 13, 2018.
             Was a High Priest of Lugonu.
             Slain by a blink frog (15 damage)
             ... on level 1 of the Lair of Beasts on Sept 14, 2018.
             The game lasted 00:33:16 (13266 turns).

swinepaste the Severer (Hill Orc Abyssal Knight)   Turns: 13266, Time: 00:33:16

Health: 0/104      AC: 18    Str: 19    XL:     12   Next: 3%
Magic:  20/20      EV: 18    Int: 12    God:    Lugonu [*****.]
Gold:   907        SH:  0    Dex: 11    Spells: 11/11 levels left

rFire    . . .     SeeInvis .   b - +6 executioner's axe (freeze)
rCold    . . .     Gourm    .   (shield currently unavailable)
rNeg     . . .     Faith    .   G - +4 ring mail
rPois    +         Spirit   .   P - +2 helmet
rElec    .         Reflect  .   v - +1 cloak {rPois}
rCorr    .         Harm     .   p - +1 pair of gloves
MR       +....                  (no boots)
Stlth    +.........             f - amulet of magic regeneration
HPRegen  0.27/turn              q - ring of protection from magic
MPRegen  0.42/turn              e - +5 ring of evasion

@: lethally poisoned (0 -> 0)
A: no striking features
a: Depart the Abyss, Bend Space, Banish, Corrupt, Enter the Abyss, Renounce
Religion


You were on level 1 of the Lair of Beasts.
You worshipped Lugonu.
Lugonu was extremely pleased with you.
You were not hungry.

You visited 2 branches of the dungeon, and saw 11 of its levels.
You visited the Abyss 1 time.
You also visited: Bailey.

You collected 907 gold pieces.

Inventory:

Hand Weapons
 a - a +0 battleaxe
 b - a +6 executioner's axe of freezing (weapon)
 s - a +1 flail of draining
 E - a +2 hand axe
 F - a +0 war axe
 H - a +0 broad axe
 L - the +0 hand axe "Huwynuol" {protect, rPois rC+ MR- SInv}
   (You found it on level 4 of the Dungeon)

   It protects the one who uses it against injury (+AC on strike).
   It protects you from cold.
   It protects you from poison.
   It affects your resistance to hostile enchantments.
   It lets you see invisible.
 O - a +0 broad axe
Missiles
 m - 31 tomahawks of returning (quivered)
Armour
 j - a +0 leather armour
 l - a +2 hat
 p - a +1 pair of gloves (worn)
 v - a +1 cloak of poison resistance (worn)
 x - a +0 leather armour
 B - a +0 chain mail of cold resistance
 D - the +0 cloak of the Arcane {Stlth+}
   (You found it in a bailey)

   It makes you more stealthy.
 G - a +4 ring mail (worn)
 P - a +2 helmet (worn)
Jewellery
 e - a +5 ring of evasion (right hand)
 f - an amulet of magic regeneration (around neck)
 q - a ring of protection from magic (left hand)
 A - an uncursed ring of flight
 T - an uncursed ring of see invisible
Wands
 o - a wand of digging (25)
 y - a wand of flame (35)
 C - a wand of random effects (8)
 K - a wand of disintegration (17)
 M - a wand of iceblast (4)
 R - a wand of paralysis (12)
Scrolls
 d - 4 scrolls of teleportation
 h - 2 scrolls of identify
 r - 7 scrolls of remove curse
 u - a scroll of blinking
 z - a scroll of magic mapping
 J - 2 scrolls of fear
 N - a scroll of enchant armour
Potions
 g - a potion of haste
 i - 3 potions of magic
 k - 2 potions of lignification
 n - a potion of curing
 t - a potion of mutation
 w - a potion of flight
 Q - a potion of degeneration {unknown}
 S - a potion of resistance {unknown}
Miscellaneous
 I - a sack of spiders
Comestibles
 c - 22 rations
 U - 3 chunks of flesh


   Skills:
 - Level 9.1 Fighting
 * Level 15.1 Axes
 - Level 7.8 Armour
 - Level 5.7 Dodging
 + Level 11.4 Invocations


You had 11 spell levels left.
You didn't know any spells.
Your spell library contained the following spells:

 Spells                   Type           Power        Failure   Level  Hunger
 Confusing Touch          Hex            #.....       45%         1    ##.....
 Magic Dart               Conj           #...         45%         1    ##.....
 Blink                    Tloc           N/A          61%         2    ###....
 Call Imp                 Summ           #.......     61%         2    ###....
 Slow                     Hex            #.......     61%         2    ###....
 Confuse                  Hex            #.......     83%         3    ####...
 Conjure Flame            Conj/Fire      #.......     83%         3    ####...
 Gell's Gravitas          Tloc           #.........   83%         3    ####...
 Mephitic Cloud           Conj/Pois/Air  #.......     83%         3    ####...
 Petrify                  Tmut/Erth      #.......     99%         4    #####..
 Metabolic Englaciation   Hex/Ice        #.........   100%        5    ######.
 Yara's Violent Unravell  Hex/Tmut       #.........   100%        5    ######.


Dungeon Overview and Level Annotations

Branches:
Dungeon (10/15)            Temple (0/1) D:7            Lair (1/6) D:10
    Orc (0/2) D:9

Altars:
Ashenzari
Elyvilon
Kikubaaqudgha
Makhleb
Nemelex Xobeh
Qazlal
Uskayaw
Vehumet
Xom
Yredelemnul
Zin
The Shining One

Annotations:
D:8 Maurice


Message History

You feel sick.
You closely miss the blink frog.
The blink frog is heavily wounded.
The blink frog hits you!
* * * LOW HITPOINT WARNING * * *
The blink frog closely misses you.
You barely miss the blink frog.
The blink frog is heavily wounded.
You feel sick. The blink frog hits you.
* * * LOW HITPOINT WARNING * * *
The blink frog blinks!
You completely miss the blink frog.
The blink frog is severely wounded.
The blink frog closely misses you.
The blink frog blinks!
You slice the blink frog!!
The blink frog seems to slow down.
You freeze the blink frog.
You kill the blink frog!
Lugonu accepts your kill. The blink frog hits you!
You die...

#.# #.# #.# ###
#.P ####.#####
#.# #....†oF†#
#.###.######..#
##.#...###.#
.....
#.........##
..#.#=#
##.........# ..F
..
#........##.#.#.
.# #..........#
.... #
##.......... ##
#. #
###..........


You could see a blink frog.

Vanquished Creatures
  Harold (D:8)
  A two-headed ogre (D:9)
  Pikel (D:8)
  An orc knight (Bailey)
  An ugly thing (D:10)
  2 spiny frogs (Lair:1)
  3 trolls
  A hornet (D:9)
  2 blink frogs (Lair:1)
  2 hippogriffs
  2 dream sheep (D:10)
  A wraith (D:9)
  Eustachio (D:6)
  5 yaks
  A hungry ghost (D:7)
  3 water moccasins
  10 orc warriors
  A porcupine (Lair:1)
  3 sky beasts
  2 black bears
  An ice beast (D:6)
  2 slaves
  2 ogres
  A phantom (D:6)
  3 centaurs
  3 crocodiles
  5 big kobolds
  5 bullfrogs
  5 scorpions
  6 killer bees
  7 howler monkeys
  7 wights
  A jelly (D:10)
  A crimson imp (D:9)
  4 hounds
  A centaur zombie (D:7)
  9 orc priests
  Crazy Yiuf (D:4)
  2 bullfrog skeletons
  7 orc wizards
  5 centaur skeletons
  4 iguanas
  12 worker ants
  2 hound skeletons
  Robin (D:3)
  11 adders
  10 gnolls
  3 shadow imps
  An ooze (D:3)
  3 worms
  5 dart slugs
  6 leopard geckos
  47 orcs
  A ball python (D:2)
  7 giant cockroaches
  9 goblins
  13 hobgoblins
  12 jackals
  4 quokkas
  3 bats
  3 frilled lizards
  25 kobolds
  A leopard gecko skeleton (D:5)
  A quokka zombie (D:9)
  4 rats
  A fungus (D:2)
  2 plants (Lair:1)
313 creatures vanquished.

Vanquished Creatures (collateral kills)
  A large abomination (Abyss:2)
  A killer bee (D:8)
  An orc priest (D:7)
  An orc (D:7)
4 creatures vanquished.

Vanquished Creatures (others)
  A two-headed ogre (D:8)
  2 orc warriors (D:6)
  A slave (D:8)
  An ogre (D:5)
  A bullfrog (D:8)
  2 killer bees (D:8)
  An orc priest (D:7)
  A fungus (D:2)
  A plant (D:5)
  A withered plant (D:9)
12 creatures vanquished.

Grand Total: 329 creatures vanquished

Notes
Turn   | Place    | Note
-------+----------+-------------------------------------------
     0 | Abyss:1  | swinepaste the Hill Orc Abyssal Knight began the quest for
                  | the Orb.
     0 | Abyss:1  | Reached XP level 1. HP: 19/19 MP: 2/2
    39 | Abyss:2  | Noticed a large abomination
    46 | Abyss:2  | Killed a large abomination
    46 | Abyss:2  | Reached skill level 5 in Axes
    46 | Abyss:2  | Reached XP level 2. HP: 26/26 MP: 3/3
    46 | Abyss:2  | Reached XP level 3. HP: 31/31 MP: 4/4
    46 | Abyss:2  | Reached XP level 4. HP: 39/39 MP: 5/5
   100 | Abyss:2  | Noticed a starcursed mass
   108 | Abyss:2  | Noticed a spatial maelstrom
   111 | Abyss:2  | Noticed a spatial vortex
   111 | Abyss:2  | Noticed a spatial vortex
   112 | Abyss:2  | Noticed a wretched star
   116 | Abyss:2  | Noticed a spatial vortex
   117 | Abyss:2  | Noticed a spatial vortex
   119 | Abyss:2  | Noticed a spatial vortex
   119 | D:1      | Escaped the Abyss
   168 | D:1      | Reached * piety under Lugonu
   447 | D:1      | Reached skill level 6 in Axes
   637 | D:1      | Found a glowing golden altar of the Shining One.
   812 | D:2      | Found a faded altar of an unknown god.
  1595 | D:2      | Reached XP level 5. HP: 38/45 MP: 5/5
  1609 | D:2      | Reached skill level 7 in Axes
  2093 | D:3      | Noticed Robin
  2099 | D:3      | Reached ** piety under Lugonu
  2111 | D:3      | Killed Robin
  2556 | D:3      | Found a burning altar of Makhleb.
  2562 | D:3      | Reached skill level 8 in Axes
  2562 | D:3      | Reached XP level 6. HP: 46/51 MP: 6/6
  3406 | D:4      | Found a runed door.
  3441 | D:4      | Noticed Crazy Yiuf
  3452 | D:4      | Killed Crazy Yiuf
  3452 | D:4      | Reached skill level 9 in Axes
  3720 | D:4      | Reached *** piety under Lugonu
  3732 | D:4      | Reached XP level 7. HP: 38/57 MP: 8/8
  4026 | D:4      | Found a shimmering altar of Xom.
  4041 | D:4      | Got a scorched hand axe
  4042 | D:4      | Identified the +0 hand axe "Huwynuol" {protect, rPois rC+
                  | MR- SInv} (You found it on level 4 of the Dungeon)
  4361 | D:5      | Entered Level 5 of the Dungeon
  4436 | D:5      | Reached skill level 10 in Axes
  4838 | D:5      | Reached skill level 5 in Invocations
  4838 | D:5      | Reached XP level 8. HP: 50/64 MP: 11/11
  5171 | D:5      | Found a shattered altar of Ashenzari.
  5349 | D:5      | Reached skill level 11 in Axes
  6629 | D:6      | Noticed Eustachio
  6657 | D:6      | Killed Eustachio
  6657 | D:6      | Reached skill level 12 in Axes
  6962 | D:6      | Noticed a dagger
  6962 | D:6      | Noticed a dagger
  6963 | D:6      | Found a hide-covered altar of Uskayaw.
  6981 | D:6      | Found a stormy altar of Qazlal.
  7232 | D:6      | Found a radiant altar of Vehumet.
  7283 | D:6      | Found a white marble altar of Elyvilon.
  7283 | D:6      | Found a sparkling altar of Nemelex Xobeh.
  7391 | D:7      | Reached XP level 9. HP: 66/70 MP: 15/15
  7929 | D:7      | Found a staircase to the Ecumenical Temple.
  7989 | D:7      | Found a basalt altar of Yredelemnul.
  8020 | D:7      | Reached skill level 13 in Axes
  8283 | D:7      | Reached **** piety under Lugonu
  8338 | D:7      | Reached skill level 10 in Invocations
  8508 | D:7      | Found a basalt altar of Yredelemnul.
  8660 | D:8      | Noticed Harold
  8702 | D:8      | Noticed Pikel
  8702 | D:8      | Noticed Maurice
  8858 | D:8      | Paralysed by Maurice for 4 turns
  8891 | D:8      | Killed Harold
  8891 | D:8      | Reached skill level 5 in Fighting
  8891 | D:8      | Reached XP level 10. HP: 39/81 MP: 17/17
  8915 | D:8      | Noticed a two-headed ogre
  8950 | D:8      | Killed Pikel
  8951 | D:8      | Banished a two-headed ogre
  8951 | D:8      | Reached skill level 5 in Armour
  8985 | D:8      | Found a flagged portal.
  9243 | Bailey   | Entered a bailey
  9251 | Bailey   | Noticed an orc knight
 10282 | Bailey   | Killed an orc knight
 10309 | Bailey   | Got a polished cloak
 10320 | Bailey   | Identified the +0 cloak of the Arcane {Stlth+} (You found
                  | it in a bailey)
 10829 | D:9      | Reached XP level 11. HP: 88/94 MP: 18/18
 10840 | D:8      | Reached skill level 5 in Dodging
 11063 | D:9      | Noticed a two-headed ogre
 11085 | D:9      | Killed a two-headed ogre
 11129 | D:9      | Found an ancient bone altar of Kikubaaqudgha.
 11377 | D:9      | Found a glowing silver altar of Zin.
 11656 | D:9      | Found a staircase to the Orcish Mines.
 12170 | D:10     | Entered Level 10 of the Dungeon
 12194 | D:10     | Identified a scroll of acquirement
 12475 | D:10     | Found a staircase to the Lair.
 12515 | D:10     | Reached ***** piety under Lugonu
 12686 | D:10     | Noticed a red ugly thing
 12695 | D:10     | Killed a red ugly thing
 12906 | D:10     | Reached skill level 14 in Axes
 13008 | D:10     | Noticed a three-headed hydra
 13009 | D:10     | Banished a three-headed hydra
 13061 | Lair:1   | Entered Level 1 of the Lair of Beasts
 13255 | Lair:1   | Reached skill level 15 in Axes
 13255 | Lair:1   | Reached XP level 12. HP: 36/104 MP: 20/20
 13266 | Lair:1   | Slain by a blink frog

Vault maps used:
D:1:      elethiomel_arrival_shortcut, tso_altar
D:2:      chequers_ecumenical_altar_island, first_ration,
          minmay_gold_behind_fungi, chequers_big_river, st_stairs_7
D:3:      old_standard_altar, uniq_robin
D:4:      old_standard_altar, serial_curves, eino_curves_02, eino_curves_03,
          eino_curves_02, eino_curves_02, uniq_crazy_yiuf_cottage
D:5:      overflow_temple_1_default, serial_bayou, serial_bayou_pond_b,
          serial_bayou_lagoon_a, serial_bayou_lagoon_b, serial_bayou_lake_a
D:6:      nicolae_qazlal_eye_of_the_storm, dancing_weapons_uskayaw,
          gammafunk_temple_overflow_wave, vehumet_altar_wand_db, uniq_eustachio
D:7:      yredelemnul_altar_generic, minmay_temple_entry_grid, basic_altar
D:8:      enter_bailey_8, corexii_checkpoint_b, hangedman_decor_opposing,
          uniq_harold, uniq_pikel, uniq_maurice
D:9:      kiku_gazebo_garden_becter, kennysheep_little_box, david_orc_1_choice
D:10:     lair_entry_dummy, hangedman_ranch
Lair:1:   beast_lair_carwin_1
Bailey:   bailey_axe_4, bailey

Skill      XL: |  1  2  3  4  5  6  7  8  9 10 11 |
---------------+----------------------------------+-----
Axes           | 5 6 8 9 10 12 13 15 | 15.1
Invocations    | 5 8 10 11 | 11.4
Fighting       | 5 7 9 |  9.1
Armour         | 3 6 7 |  7.8
Dodging        | 2 4 5 |  5.7

Action                   |  1- 3 |  4- 6 |  7- 9 | 10-12 || total
-------------------------+-------+-------+-------+-------++-------
Melee: Hand axe          |       |   319 |   692 |   104 ||  1115
       Broad axe         |       |       |       |   260 ||   260
       Executioner's axe |       |       |       |   120 ||   120
       Battleaxe         |       |       |       |    15 ||    15
Throw: Tomahawk          |       |       |       |    17 ||    17
Invok: Depart the Abyss  |       |     1 |       |       ||     1
       Banish            |       |       |     4 |     3 ||     7
 Abil: Evoke Flight      |       |       |       |     6 ||     6
Evoke: Wand              |       |       |    11 |    13 ||    24
  Use: Scroll            |     2 |     5 |    11 |     6 ||    24
       Potion            |       |       |     2 |     2 ||     4
 Stab: Sleeping          |       |     1 |       |       ||     1
  Eat: Chunk             |       |     9 |    14 |    13 ||    36
       Ration            |       |       |     2 |     1 ||     3
Armor: Leather armour    |       |    89 |   106 |       ||   195
       Chain mail        |       |       |   233 |    61 ||   294
       Ring mail         |       |       |       |   134 ||   134
Dodge: Dodged            |       |   143 |   357 |   465 ||   965

Table legend:
 A = Non-vault XP
 B = Vault XP
 C = Vault XP percentage of total XP
 D = Non-vault monster count
 E = Vault monster count
 F = Vault count percentage of total count
                 A         B        C        D         E       F
            +---------+---------+-------+---------+---------+-------
      Total |   13225 |    5621 |  29.8 |     257 |      61 |  19.2
            +---------+---------+-------+---------+---------+-------
        D:1 |      29 |       0 |   0.0 |      14 |       0 |   0.0
        D:2 |      99 |      16 |  13.9 |      17 |       2 |  10.5
        D:3 |      84 |      28 |  25.0 |      23 |       7 |  23.3
        D:4 |     336 |      40 |  10.6 |      22 |       1 |   4.3
        D:5 |     688 |      13 |   1.9 |      22 |       1 |   4.3
        D:6 |     706 |     204 |  22.4 |      21 |       2 |   8.7
        D:7 |    1540 |       0 |   0.0 |      40 |       0 |   0.0
        D:8 |    2025 |    1655 |  45.0 |      34 |       4 |  10.5
        D:9 |    3358 |     398 |  10.6 |      25 |       9 |  26.5
       D:10 |    2207 |    1681 |  43.2 |      28 |       8 |  22.2
     Lair:1 |    2068 |       0 |   0.0 |      10 |       0 |   0.0
    Abyss:2 |      85 |       0 |   0.0 |       1 |       0 |   0.0
     Bailey |       0 |    1586 | 100.0 |       0 |      27 | 100.0
            +---------+---------+-------+---------+---------+-------
